 Dungeon Crawl Stone Soup version 0.25-a0-565-g8875c97 (webtiles) character file.

Game seed: 3304893140212959497, levelgen mode: deterministic

1693 snetch the Thaumaturge (level 8, -14/44 HPs)
             Began as a Deep Elf Conjurer on Feb 26, 2020.
             Was a Believer of Vehumet.
             Demolished by a death knight
             ... wielding a +0 halberd
              (32 damage)
             ... on level 6 of the Dungeon.
             The game lasted 00:27:03 (5798 turns).

snetch the Thaumaturge (Deep Elf Conjurer)          Turns: 5798, Time: 00:27:04

Health: -14/44     AC:  6    Str:  5    XL:     8   Next: 72%
Magic:  29/31      EV: 16    Int: 23    God:    Vehumet [**....]
Gold:   309        SH:  0    Dex: 21    Spells: 14/24 levels left

rFire    . . .     SeeInvis .   a - +2 quarterstaff (chaos)
rCold    . . .     Gourm    .   (shield currently unavailable)
rNeg     . . .     Faith    +   i - +0 robe
rPois    .         Spirit   .   G - +2 helmet of the Many Tables {Dex+6}
rElec    .         Reflect  .   n - +0 cloak
rCorr    .         Harm     .   (no gloves)
MR       .....     Rnd*Tele +   (no boots)
Stlth    +++.......             J - amulet of faith
HPRegen  0.14/turn              z - ring of teleportation (curse)
MPRegen  0.22/turn              w - ring of magical power

@: no status effects
A: no striking features
a: Renounce Religion


You were on level 6 of the Dungeon.
You worshipped Vehumet.
Vehumet was pleased with you.
You were not hungry.

You visited 2 branches of the dungeon, and saw 8 of its levels.
You also visited: Sewer.

You collected 309 gold pieces.

Inventory:

Hand Weapons
 a - a +2 quarterstaff of chaos (weapon)
 b - a +2 dagger of flaming
 C - a +2 mace of protection
 F - a +2 short sword of electrocution
Missiles
 d - 66 arrows
 e - 122 stones
 k - 22 poisoned darts (quivered)
 q - 37 bolts
 s - 5 boomerangs
 K - 6 sling bullets
Armour
 f - a +0 leather armour
 i - a +0 robe (worn)
 n - a +0 cloak (worn)
 E - a +3 scale mail
 G - the +2 helmet of the Many Tables (worn) {Dex+6}
   (You took it off Robin on level 4 of the Dungeon)

   It affects your dexterity (+6).
   If you remove this armour, your AC will decrease by 3 (6 -> 3).
 H - a +0 cloak
Jewellery
 w - a ring of magical power (right hand)
 x - an uncursed amulet of guardian spirit
 z - a cursed ring of teleportation (left hand)
 J - an amulet of faith (around neck)
Wands
 l - a wand of enslavement (9)
 M - a wand of flame (6)
Scrolls
 c - a scroll of noise {unknown}
 g - 3 scrolls of teleportation {unknown}
 h - 4 scrolls of blinking
 j - a scroll of fog {unknown}
 o - a scroll of identify
 r - a scroll of fear {unknown}
 t - 3 scrolls of remove curse {unknown}
 u - a scroll of random uselessness {unknown}
 y - 2 scrolls of enchant armour {unknown}
 A - a scroll of amnesia {unknown}
 N - a scroll of magic mapping {unknown}
Potions
 m - 2 potions of cancellation
 p - a potion of heal wounds
 v - 2 potions of curing {unknown}
 B - a potion of invisibility
 I - a potion of flight
 L - a potion of degeneration
Comestibles
 D - 11 rations


   Skills:
 + Level 1.6 Fighting
 + Level 0.8 Short Blades
 + Level 2.1 Staves
 + Level 5.3 Dodging
 + Level 5.2 Stealth
 + Level 8.6 Spellcasting
 + Level 8.2 Conjurations
 + Level 2.0 Translocations


You had 14 spell levels left.
You knew the following spells:

 Your Spells              Type           Power        Failure   Level  Hunger
a - Magic Dart            Conj           ####         1%          1    None
b - Searing Ray           Conj           #####.       1%          2    None
c - Dazzling Flash        Conj/Hex       ####..       3%          3    None
d - Iskenderun's Mystic   Conj/Tloc      ####....     8%          4    ##.....

Your spell library contained the following spells:

 Spells                   Type           Power        Failure   Level  Hunger
 Mephitic Cloud           Conj/Pois/Air  ###.....     6%          3    None
 Fulminant Prism          Conj/Hex       ####......   12%         4    ##.....


Dungeon Overview and Level Annotations

Branches:
Dungeon (7/15)             Temple (1/1) D:4           Sewer (visited)

Altars:
Ashenzari
Cheibriados
Dithmenos
Elyvilon
Fedhas
Gozag
Hepliaklqana
Kikubaaqudgha
Makhleb
Nemelex Xobeh
Okawaru
Qazlal
Ru
Sif Muna
Trog
Uskayaw
Vehumet
Wu Jian
Xom
Yredelemnul
The Shining One


Message History

This raw flesh tastes terrible.
A death knight comes into view. It is wielding a +0 halberd.
You open the door.
Found a cloak.
The death knight shouts!
There is an open door here.
The death knight calls down the wrath of Yredelemnul upon you.
Your body is wracked with pain!
You see here a cloak.
H - a cloak
Casting: Searing Ray (safe; 1% risk of failure)
Confirm with . or Enter, or press ? or * to list all spells.
You erupt in a blast of force!
The mystic blast hits the death knight!
The death knight is lightly wounded.
The death knight hits you but does no damage.
Unknown command.
There is a stone staircase leading up here.
The death knight hits you from afar with a +0 halberd!!
Ouch! That really hurt!
You die...

#.........##.#
#.........)÷##
####'###..##.#
#.#...##.##
#.#.######### ######
#.#.# ...
.....#####.#.#+###.#
.....+........>....#
.....#####.#..p.@..#
.....# #.#.......#
.....# #.#..#+##.#
.##+## #.#### .#
.÷#.# #.. .# #.#.#
.## # #.#.# .
#...##T...
##..##....


You could see a death knight.

Vanquished Creatures
  A hungry ghost (D:6)
  An orc warrior (D:6)
  2 ice beasts
  Purgy (Sewer)
  A phantom (D:6)
  2 ogres (D:5)
  2 bullfrogs
  2 scorpions (D:4)
  A crimson imp (D:5)
  A hound (D:5)
  A bullfrog zombie (D:5)
  A jelly (D:5)
  2 centaur skeletons
  Crazy Yiuf (D:2)
  3 orc wizards
  An iguana (D:5)
  Natasha (thrice) (D:2)
  2 worker ants
  A hound skeleton (D:5)
  Robin (D:4)
  7 adders
  An ooze (D:1)
  An adder skeleton (D:4)
  5 worms
  2 dart slugs (D:1)
  2 leopard geckos
  20 orcs
  A ball python (D:2)
  5 bats
  6 giant cockroaches
  13 goblins
  11 hobgoblins
  24 jackals
  12 kobolds
  5 quokkas
  2 frilled lizards
  A quokka skeleton (D:5)
  5 rats
153 creatures vanquished.

Notes
Turn   | Place    | Note
-------+----------+-------------------------------------------
     0 | D:1      | snetch the Deep Elf Conjurer began the quest for the Orb.
     0 | D:1      | Reached XP level 1. HP: 10/10 MP: 6/6
    94 | D:1      | Reached XP level 2. HP: 15/15 MP: 6/8
   218 | D:1      | You fall into a shaft and drop 1 floor!
   232 | D:2      | Reached skill level 5 in Conjurations
   381 | D:1      | Learned a level 2 spell: Searing Ray
   456 | D:1      | Reached XP level 3. HP: 19/19 MP: 1/9
   968 | D:1      | Reached XP level 4. HP: 24/24 MP: 7/11
  1246 | D:2      | Noticed Natasha
  1578 | D:2      | Killed Natasha
  1578 | D:2      | Reached XP level 5. HP: 19/28 MP: 10/13
  1598 | D:2      | Noticed Natasha
  1602 | D:2      | Killed Natasha
  1693 | D:2      | Noticed Natasha
  1696 | D:2      | Killed Natasha
  1742 | D:2      | Found a runed translucent door.
  1743 | D:2      | Noticed Crazy Yiuf
  1965 | D:2      | Learned a level 3 spell: Dazzling Flash
  2109 | D:2      | Found a faded altar of an unknown god.
  2279 | D:2      | Paralysed by Crazy Yiuf for 3 turns
  2284 | D:2      | Killed Crazy Yiuf
  2284 | D:2      | Reached skill level 5 in Spellcasting
  2714 | D:4      | Found an iron altar of Okawaru.
  2735 | D:4      | Found a staircase to the Ecumenical Temple.
  2756 | Temple   | Entered the Ecumenical Temple
  2773 | Temple   | Became a worshipper of Vehumet
  3022 | D:4      | Reached XP level 6. HP: 23/33 MP: 10/15
  3151 | D:4      | Found a glowing drain.
  3175 | Sewer    | Entered a sewer
  3305 | Sewer    | Noticed Purgy
  3317 | Sewer    | Killed Purgy
  3847 | D:3      | Reached * piety under Vehumet
  3847 | D:3      | Offered knowledge of Shock by Vehumet.
  3847 | D:3      | Reached XP level 7. HP: 37/37 MP: 15/18
  4055 | D:4      | Reached skill level 1 in Fighting
  4068 | D:4      | Identified the +2 helmet of the Many Tables {Dex+6}
  4068 | D:4      | Noticed Robin
  4090 | D:4      | Killed Robin
  4145 | D:4      | Learned a level 4 spell: Iskenderun's Mystic Blast
  4304 | D:5      | Entered Level 5 of the Dungeon
  4517 | D:5      | Offered knowledge of Freeze by Vehumet.
  4769 | D:5      | Reached ** piety under Vehumet
  4770 | D:5      | Reached skill level 1 in Staves
  5086 | D:5      | Reached skill level 1 in Translocations
  5096 | D:6      | Reached XP level 8. HP: 40/43 MP: 21/21
  5687 | D:6      | Noticed a troll
  5711 | D:6      | HP: 2/43 [orc warrior/+0 war axe (8)]
  5723 | D:6      | Reached skill level 5 in Dodging
  5723 | D:6      | Reached skill level 5 in Stealth
  5729 | D:6      | Offered knowledge of Mephitic Cloud by Vehumet.
  5779 | D:6      | Noticed a death knight
  5798 | D:6      | Demolished by a death knight

Levels and vault maps discovered:
D:1:      minmay_arrival_diagonal_passages, layout_loops_cross
D:2:      layout_basic, chequers_ecumenical_altar_island, serial_aquarium,
          aquarium_bridge_square [aquarium_subvault_bridge,
          aquarium_subvault_window, aquarium_subvault_window,
          aquarium_subvault_balcony], aquarium_bridge_square
          [aquarium_subvault_bridge, aquarium_subvault_window,
          aquarium_subvault_wall, aquarium_subvault_bridge],
          aquarium_window_fake, aquarium_window_fake, aquarium_window_1,
          aquarium_view_2e, aquarium_pool_corner, uniq_natasha,
          uniq_crazy_yiuf_cottage
D:3:      layout_basic
D:4:      layout_gridville, minmay_temple_entry_waves, portal_sewer_entry_a,
          okawaru_metal_pillars_1_2, uniq_robin
D:5:      layout_loops_ring, first_ration
D:6:      minmay_cornered_nines, layout_basic
D:7:      layout_basic, nicolae_overflow_crystal_walls, uniq_pikel
Temple:   roderic_octagonal_lattice_temple

Skill      XL: |  1  2  3  4  5  6  7  8 |
---------------+-------------------------+-----
Conjurations   | 5 6 7 8 |  8.2
Dodging        | 3 4 5 |  5.3
Spellcasting   | 4 5 6 7 8 |  8.6
Stealth        | 3 4 5 |  5.2
Fighting       | 1 |  1.6
Staves         | 1 2 |  2.1
Translocations | 1 2 |  2.0
Short Blades   | |  0.8

Action                   |  1- 3 |  4- 6 |  7- 9 || total
-------------------------+-------+-------+-------++-------
Melee: Unarmed           |     1 |       |       ||     1
       Mace              |     5 |       |       ||     5
       Dagger            |     1 |    16 |       ||    17
       Quarterstaff      |       |     7 |    28 ||    35
 Cast: Magic Dart        |    54 |    45 |    27 ||   126
       Searing Ray       |     2 |    30 |    30 ||    62
       Iskenderun's Myst |       |       |     5 ||     5
       Dazzling Flash    |       |       |     1 ||     1
  Use: Scroll            |       |       |     4 ||     4
       Potion            |       |       |     2 ||     2
 Stab: Sleeping          |       |     1 |     2 ||     3
       Petrifying        |       |       |     1 ||     1
       Confused          |       |       |     1 ||     1
       Invisible         |       |       |     1 ||     1
  Eat: Chunk             |       |     9 |     9 ||    18
Armor: Robe              |     8 |    14 |    17 ||    39
Dodge: Dodged            |    36 |    33 |    61 ||   130

Table legend:
 A = Non-vault XP
 B = Vault XP
 C = Vault XP percentage of total XP
 D = Non-vault monster count
 E = Vault monster count
 F = Vault count percentage of total count
                 A         B        C        D         E       F
            +---------+---------+-------+---------+---------+-------
      Total |    1940 |     479 |  19.8 |     128 |      25 |  16.3
            +---------+---------+-------+---------+---------+-------
        D:1 |      98 |       0 |   0.0 |      28 |       0 |   0.0
        D:2 |     168 |      76 |  31.1 |      27 |       2 |   6.9
        D:3 |      84 |       0 |   0.0 |      20 |       0 |   0.0
        D:4 |     289 |      45 |  13.5 |      19 |      15 |  44.1
        D:5 |     834 |       0 |   0.0 |      26 |       0 |   0.0
        D:6 |     467 |     221 |  32.1 |       8 |       2 |  20.0
      Sewer |       0 |     137 | 100.0 |       0 |       6 | 100.0
            +---------+---------+-------+---------+---------+-------
